 Dungeon Crawl Stone Soup version 0.20-a0-301-g264e157 (webtiles) character file.

14 Junicave the Digger (level 2, 0/15 HPs)
             Began as a Gargoyle Earth Elementalist on Dec 16, 2016.
             Slain by a leopard gecko (1 damage)
             ... on level 1 of the Dungeon.
             The game lasted 00:01:25 (838 turns).

Junicave the Digger (Gargoyle Earth Elementalist)    Turns: 838, Time: 00:01:26

Health: 0/15       AC:  4    Str: 11    XL:     2   Next: 45%
Magic:  5/5        EV: 12    Int: 15    God:
Gold:   55         SH:  0    Dex: 10    Spells: 5/6 levels left

rFire  . . .     SeeInvis .     h - +0 mace
rCold  . . .     Gourm    .     c - +0 robe
rNeg   + . .     Faith    .     (no shield)
rPois  ∞         Spirit   .     (no helmet)
rElec  +         Reflect  .     (no cloak)
rCorr  .         Harm     .     (no gloves)
MR     .....                    (no boots)
Stlth  ++........               (no amulet)
                                (no ring)
                                (no ring)

@: no status effects
A: negative energy resistance 1, electricity resistance, unbreathing,
petrification resistance, rot immunity, AC +2
a: no special abilities


You were on level 1 of the Dungeon.
You were not hungry.

You visited 1 branch of the dungeon, and saw 1 of its levels.

You collected 55 gold pieces.

Inventory:

Hand Weapons
 a - a +0 dagger
 h - a +0 mace (weapon)
Missiles
 b - 49 stones (quivered)
Armour
 c - a +0 robe (worn)
Jewellery
 g - a cursed -3 ring of intelligence {unknown}
Scrolls
 f - a scroll of remove curse {unknown}
 j - a scroll of teleportation {unknown}
 k - a scroll of random uselessness {unknown}
Potions
 i - 2 potions of haste {unknown}
Books
 e - a book of Geomancy

   Spells                             Type                      Level
   a - Sandblast                      Earth                        1
   b - Passwall                       Transmutation/Earth          2
   c - Stone Arrow                    Conjuration/Earth            3
   d - Petrify                        Transmutation/Earth          4
   e - Lee's Rapid Deconstruction     Earth                        5
Comestibles
 d - 2 bread rations
 l - 2 slices of pizza
 m - a chunk of flesh


   Skills:
 - Level 1.5 Dodging
 - Level 2.1 Stealth
 * Level 2.5 Spellcasting
   Level 0.7 Transmutations
 + Level 4.1 Earth Magic


You had 5 spell levels left.
You knew the following spells:

 Your Spells              Type           Power        Failure   Level  Hunger
a - Sandblast             Erth           ##....       4%          1    #......


Dungeon Overview and Level Annotations

Branches:
Dungeon (1/15)

Altars:


Innate Abilities, Weirdness & Mutations

You are resistant to torment.
Your stone body is resilient. (AC +2)
You are immune to poison.
You resist negative energy. (rN+)
You are resistant to electric shocks. (rElec)
You can survive without breathing.
You are immune to petrification.
You are immune to rotting.


Message History

m - a chunk of flesh You see here a short sword.
A leopard gecko comes into view.
The leopard gecko hisses angrily.
A leopard gecko is nearby!
The leopard gecko bites you.
You closely miss the leopard gecko.
The leopard gecko bites you but does no damage.
The leopard gecko bites you.
You miss the leopard gecko. The leopard gecko bites you.
You closely miss the leopard gecko. The leopard gecko bites you.
The leopard gecko bites you but does no damage.
You completely miss the leopard gecko. The leopard gecko closely misses you.
The leopard gecko bites you.
You closely miss the leopard gecko. The leopard gecko bites you.
* * * LOW HITPOINT WARNING * * *
You closely miss the leopard gecko. The leopard gecko bites you.
* * * LOW HITPOINT WARNING * * *
The leopard gecko bites you.
You die...

#...#
#.........###
#...#
###.######### ##
#...# #.# #..
..#...# #.# #.#
###.#...# #.#
#.# .......# #.#
#.# ..# ...#.#
#.# #.#
.....#l#.#####.#
#.#
#......@.....#.#
#.#
######.#.###.#.#
#.# ...#.....#.#
#.#
#####.#.#.#.#
##.#
.########.#.#
#.# #...
........#.#.#
#.# ####
........#.#.#
#.#
........#.#.#
#.#
'..........#.#
#.#


You could see a leopard gecko.

Vanquished Creatures
  A dart slug (D:1)
  2 bats (D:1)
  A giant cockroach (D:1)
  3 hobgoblins (D:1)
  3 kobolds (D:1)
  A rat (D:1)
11 creatures vanquished.

Notes
Turn   | Place    | Note
-------+----------+-------------------------------------------
     0 | D:1      | Junicave the Gargoyle Earth Elementalist began the quest for the Orb.
     0 | D:1      | Reached XP level 1. HP: 10/10 MP: 3/3
   221 | D:1      | Reached XP level 2. HP: 15/15 MP: 5/5
   476 | D:1      | Reached skill level 4 in Earth Magic
   838 | D:1      | Slain by a leopard gecko

Vault maps used:
D:1:      co_arrival_random_square_maze

Skill      XL: |  1  2 |
---------------+-------+-----
Earth Magic    | 4 |  4.1
Dodging        | |  1.5
Stealth        | |  2.1
Spellcasting   | |  2.5
Transmutations | |  0.7

Action                   || total
-------------------------++-------
Melee: Mace              ||    40
       Unarmed           ||     4
 Cast: Sandblast         ||    10
Armor: Robe              ||    16
Dodge: Dodged            ||    34
